 Dungeon Crawl Stone Soup version 0.16.1-18-g436b03c (webtiles) character file.

20975 Leviathan2552 the Blocker (level 12, -1/112 HPs)
             Began as a Deep Dwarf Berserker on May 8, 2015.
             Was a High Priest of Trog.
             Slain by an orc warrior
             ... wielding a +0 glaive
              (3 damage)
             ... on level 4 of the Orcish Mines on May 9, 2015.
             The game lasted 01:46:51 (10665 turns).

Leviathan2552 the Blocker (Deep Dwarf Berserker)   Turns: 10665, Time: 01:46:51

Health: -1/112     AC: 20    Str: 26    XL:     12   Next: 50%
Magic:  0/0        EV: 11    Int:  8    God:    Trog [*****.]
Gold:   238        SH: 16    Dex: 12    Spells: 0 memorised, 11 levels left

rFire  + . .     SeeInvis .     C - +5 morningstar (antimagic)
rCold  . . .     Clarity  .     B - +3 plate armour
rNeg   + . .     SustAb   .     U - +3 shield of Ucuutwo {rN+}
rPois  +         Gourm    .     (no helmet)
rElec  .         Spirit   .     (no cloak)
rCorr  .         Warding  .     (no gloves)
rMut   .         Stasis   .     E - +0 pair of boots
MR     +....                    (no amulet)
Stlth  ..........               h - ring of poison resistance
                                p - ring of protection from fire

@: non-regenerating, somewhat resistant to hostile enchantments, extremely
unstealthy
A: damage resistance, recharge devices, thin metallic scales 1, sense
surroundings 2, slow healing 3
a: Device Recharging, Burn Spellbooks, Berserk, Trog's Hand, Brothers in Arms,
Renounce Religion


You were on level 4 of the Orcish Mines.
You worshipped Trog.
Trog was extremely pleased with you.
You were not hungry.

You visited 2 branches of the dungeon, and saw 14 of its levels.
You also visited: Sewer.

You collected 855 gold pieces.
You spent 617 gold pieces at shops.

Inventory:

Hand weapons
 a - a +4 mace
 C - a +5 antimagic morningstar (weapon)
 T - a cursed -3 mace
Armour
 b - a +0 animal skin
 e - a +1 plate armour of cold resistance
 v - a +0 buckler
 z - a +1 scale mail
 B - a +3 plate armour (worn)
 E - a +0 pair of boots (worn)
 U - the +3 shield of Ucuutwo (worn) {rN+}
   (You found it on level 10 of the Dungeon)

   It protects you from negative energy.
Jewellery
 h - a ring of poison resistance (right hand)
 p - a ring of protection from fire (left hand)
 q - an uncursed ring of flight
 t - an uncursed ring of sustain abilities
 y - a +3 ring of intelligence
 K - an uncursed ring of invisibility
Magical devices
 c - a wand of heal wounds (0)
 f - a wand of paralysis (6)
 k - a wand of digging (11)
 F - a wand of paralysis (6)
 G - a wand of fire (0)
 I - a wand of slowing (20)
 M - a wand of draining (5)
 Q - a wand of draining (6)
 S - a wand of flame (5)
Scrolls
 x - a scroll of magic mapping
 D - a scroll of random uselessness
 H - 3 scrolls of fear
 O - 3 scrolls of fog
 V - 2 scrolls of teleportation
Potions
 n - a potion of restore abilities
 A - a potion of berserk rage
Books
 R - a book of Clouds

   Spells                             Type                      Level
   a - Mephitic Cloud                 Conjuration/Poison/Air       3
   b - Conjure Flame                  Conjuration/Fire             3
   c - Poisonous Cloud                Conjuration/Poison/Air       6
   d - Freezing Cloud                 Conjuration/Ice/Air          6
   e - Ring of Flames                 Charms/Fire                  7
   Trog disapproves of the use of such an item.
Comestibles
 d - 9 bread rations
 i - 10 royal jellies
 o - 3 slices of pizza
 r - 4 fruits
 s - 8 beef jerkies
 P - a meat ration


   Skills:
 + Level 8.6 Fighting
 + Level 9.2 Maces & Flails
 + Level 9.4 Armour
 + Level 9.7 Dodging
 - Level 0.6 Stealth
 * Level 12.1 Shields
 - Level 1.3 Evocations


You had 11 spell levels left.
You didn't know any spells.

Dungeon Overview and Level Annotations

Branches:
Dungeon (10/15)            Temple (0/1) D:6             Orc (4/4) D:10
   Lair: D:8-11         Elf: Orc:3-4

Altars:
Ashenzari
Cheibriados
Elyvilon
Gozag
Kikubaaqudgha
Makhleb
Okawaru
Qazlal
Sif Muna
Trog
Vehumet
Xom
The Shining One
Beogh

Shops:
Orc:3 !   Orc:4 **(


Innate Abilities, Weirdness & Mutations

You are resistant to damage.
You can recharge devices by infusing magical energy.
You passively map the area around you.
You do not heal naturally.
You are partially covered in thin metallic scales (AC +2).


Message History

You block the orc's attack. You block the orc's attack.
The orc knight roars a battlecry!
The orc goes into a battle-frenzy!
The orc knight hits you with a battleaxe of chopping!
* * * LOW HITPOINT WARNING * * *
You see here a club.
The orc knight roars a battlecry!
The orc warrior goes into a battle-frenzy!
You see here a flail.
The orc knight roars a battlecry!
The orc goes into a battle-frenzy!
The orc warrior shouts!
You see here a poisoned arrow.
The orc knight roars a battlecry!
The orc warrior goes into a battle-frenzy!
The orc knight roars a battlecry!
The orc warrior goes into a battle-frenzy!
The orc warrior hits you from afar with a glaive!
You die...

##...# ###.#..#
##......###
#.........# #
###......)..####
##.#.............
#...(.((.(.......
###.o.(...........)
###.@oo)o............
##.#.)).))#.(.........
#<....o.))######...)..
##........#..#.....)..
###.........#......).
##)...............#.
####*
#).)#...)........#). *
#.#..
##)####..........##. *
......,
##[).##..#<.......###


You could see 2 orc knights, 2 orc warriors and an orc.

Vanquished Creatures
  The ghost of epiphnayx99 the Cleaver, an experienced HOFi of the Shining One (D:10)
  An unseen horror (D:10)
  3 orc knights (Orc:4)
  An orc sorcerer (Orc:2)
  Maurice (Orc:1)
  2 trolls (D:9)
  A two-headed ogre (D:9)
  The ghost of Leviathan2552 the Sneak, an average OpAs (D:5)
  6 yaks
  A steam dragon (D:10)
  A hungry ghost (D:10)
  A deep elf mage (D:9)
  8 wargs (Orc:4)
  A soldier ant (D:10)
  16 orc warriors
  2 spiders (D:10)
  3 ice beasts
  2 phantoms
  2 black bears (D:6)
  A boring beetle (D:10)
  An eye of draining (D:10)
  3 necrophages
  5 centaurs
  2 ogres
  2 sky beasts (D:6)
  4 big kobolds
  5 giant frogs
  2 gnoll sergeants (D:10)
  2 scorpions
  A wyvern skeleton (D:9)
  12 killer bees
  9 crimson imps
  4 orc priests
  3 goliath beetles
  The ghost of Archous the Digger, a weakling GrEE (Sewer)
  2 jellies
  2 centaur zombies
  7 hounds
  4 orc wizards
  3 giant frog skeletons
  An iguana (D:4)
  Natasha (twice) (D:3)
  3 worker ants
  A big kobold zombie (D:7)
  Jessica (D:2)
  2 hound skeletons
  2 hound zombies
  A mummy (D:6)
  11 gnolls
  A river rat (Sewer)
  A worker ant zombie (D:8)
  14 adders
  2 giant mites
  7 shadow imps
  2 adder zombies (D:6)
  4 giant geckos
  2 oozes
  67 orcs
  17 bats
  A bat skeleton (D:4)
  2 bat zombies
  5 giant cockroaches
  19 hobgoblins
  30 kobolds
  3 quokkas
  5 giant newts
  18 goblins
  A goblin zombie (D:5)
  2 hobgoblin zombies (D:5)
  20 jackals
  A kobold zombie (D:5)
  2 orc skeletons (D:5)
  3 orc zombies (D:5)
  21 rats
  2 ballistomycetes (D:10)
405 creatures vanquished.

Vanquished Creatures (collateral kills)
  Nessos (Orc:4)
  An orc knight (Orc:4)
  2 orc warriors (Orc:4)
  An orc (Orc:4)
  A hobgoblin (Orc:4)
6 creatures vanquished.

Vanquished Creatures (others)
  An ogre (Orc:4)
1 creature vanquished.

Grand Total: 412 creatures vanquished

Notes
Turn   | Place    | Note
--------------------------------------------------------------
     0 | D:1      | Leviathan2552, the Deep Dwarf Berserker, began the quest for the Orb.
     0 | D:1      | Reached XP level 1. HP: 20/20 MP: 1/1
   210 | D:1      | Reached XP level 2. HP: 22/27 MP: 2/2
   871 | D:2      | Reached XP level 3. HP: 25/34 MP: 3/3
   883 | D:2      | Noticed Jessica
   906 | D:2      | Killed Jessica
   945 | D:2      | Acquired Trog's second power
  1002 | D:2      | Reached XP level 4. HP: 28/42 MP: 4/4
  1233 | D:2      | Found a radiant altar of Vehumet.
  1237 | D:2      | Identified Vehumet's Grimoire of Conjuration
  1259 | D:2      | Found an ancient bone altar of Kikubaaqudgha.
  1264 | D:2      | Identified Kikubaaqudgha's Collected Works on Evil Arts
  1271 | D:2      | Found a deep blue altar of Sif Muna.
  1275 | D:2      | Identified Sif Muna's Tome of Arcane Weapons
  1712 | D:3      | Found a glowing drain.
  1728 | D:3      | Reached skill level 1 in Evocations
  1757 | D:3      | Reached XP level 5. HP: 14/50 MP: 2/2
  1887 | Sewer    | Entered a sewer
  1950 | Sewer    | Noticed Archous' ghost (weakling GrEE)
  1977 | Sewer    | Killed Archous' ghost
  1977 | Sewer    | Reached skill level 1 in Shields
  2043 | Sewer    | Reached skill level 4 in Maces & Flails
  2073 | Sewer    | Reached XP level 6. HP: 47/57 MP: 4/4
  2086 | Sewer    | Found a glowing silver altar of Zin.
  2344 | D:3      | Noticed Natasha
  2345 | D:3      | Found an opulent altar of Gozag.
  2345 | D:3      | Found a white marble altar of Elyvilon.
  2365 | D:3      | Killed Natasha
  2550 | D:3      | Noticed Natasha
  2561 | D:3      | Killed Natasha
  3224 | D:4      | Reached XP level 7. HP: 50/64 MP: 3/3
  3691 | D:5      | Entered Level 5 of the Dungeon
  3733 | D:5      | Acquired Trog's third power
  3873 | D:5      | Found a glowing golden altar of the Shining One.
  3888 | D:5      | Found an ancient bone altar of Kikubaaqudgha.
  3980 | D:5      | Reached skill level 5 in Dodging
  3984 | D:5      | Reached XP level 8. HP: 73/73 MP: 1/1
  4090 | D:5      | Found a snail-covered altar of Cheibriados.
  4099 | D:5      | Found a shattered altar of Ashenzari.
  4102 | D:5      | Found a stormy altar of Qazlal.
  4188 | D:5      | Found a white marble altar of Elyvilon.
  4261 | D:5      | Noticed Leviathan2552's ghost (average OpAs)
  4273 | D:5      | Reached skill level 5 in Maces & Flails
  4292 | D:5      | Killed Leviathan2552's ghost
  4292 | D:5      | Reached skill level 5 in Armour
  4406 | D:5      | Reached skill level 5 in Shields
  4551 | D:5      | Reached skill level 5 in Fighting
  4841 | D:6      | Reached skill level 6 in Dodging
  4955 | D:6      | Gained mutation: You passively map the area around you. [level up]
  4955 | D:6      | Reached XP level 9. HP: 55/81 MP: 1/1
  5003 | D:6      | Found a staircase to the Ecumenical Temple.
  5290 | D:6      | Found a bloodstained altar of Trog.
  5748 | D:7      | Reached skill level 7 in Shields
  6533 | D:8      | Found an iron altar of Okawaru.
  6994 | D:8      | Reached skill level 8 in Shields
  7101 | D:8      | Found a burning altar of Makhleb.
  7102 | D:8      | Found a shimmering altar of Xom.
  7346 | D:9      | Reached XP level 10. HP: 92/92 MP: 2/2
  7429 | D:9      | Received a gift from Trog
  7790 | D:9      | Reached skill level 9 in Shields
  8089 | D:10     | Entered Level 10 of the Dungeon
  8268 | D:10     | Found a staircase to the Orcish Mines.
  8355 | D:10     | Got a fine shield
  8356 | D:10     | Identified the +3 shield of Ucuutwo {rN+} (You found it on level 10 of the Dungeon)
  8387 | D:10     | Noticed epiphnayx99's ghost (experienced HOFi)
  8411 | D:10     | Killed epiphnayx99's ghost
  8492 | D:10     | Reached skill level 10 in Shields
  8859 | D:10     | Reached skill level 11 in Shields
  8859 | D:10     | Reached XP level 11. HP: 68/103 MP: 1/3
  9221 | D:10     | Reached XP level 12. HP: 97/110 MP: 1/3
  9248 | D:10     | Killed an unseen horror
  9299 | Orc:1    | Entered Level 1 of the Orcish Mines
  9299 | Orc:1    | Noticed Maurice
  9323 | Orc:1    | Killed Maurice
  9716 | Orc:3    | Found Ikaalefra's Distillery.
  9733 | Orc:3    | Bought a potion of beneficial mutation for 455 gold pieces
  9735 | Orc:3    | Gained mutation: You are partially covered in thin metallic scales (AC +2). [potion of beneficial mutation]
  9792 | Orc:4    | Entered Level 4 of the Orcish Mines
  9797 | Orc:4    | Noticed Nessos
  9810 | Orc:4    | Killed Nessos
  9837 | Orc:4    | Found Isoloutu's Antique Weapon Shop.
 10323 | Orc:4    | Reached skill level 12 in Shields
 10396 | Orc:4    | Found Xusupnaj's Assorted Antiques.
 10396 | Orc:4    | Found Ysulics' General Store.
 10401 | Orc:4    | Bought a potion of curing for 102 gold pieces
 10411 | Orc:4    | Bought a potion of heal wounds for 60 gold pieces
 10521 | Orc:4    | Found a roughly hewn altar of Beogh.
 10636 | Orc:4    | HP: 2/112 [orc knight/battleaxe of chopping (8)]
 10665 | Orc:4    | Slain by an orc warrior

Action                   |  1- 3 |  4- 6 |  7- 9 | 10-12 || total
-------------------------+-------+-------+-------+-------++-------
Melee: Mace              |    86 |   364 |   861 |    14 ||  1325
       Morningstar       |       |       |       |   572 ||   572
Invok: Burn Spellbooks   |       |     3 |       |     3 ||     6
       Trog's Hand       |       |       |     1 |     2 ||     3
       Berserk           |       |       |     1 |     1 ||     2
       Brothers in Arms  |       |       |       |     4 ||     4
 Abil: Device Recharging |       |     5 |     5 |     2 ||    12
Evoke: Wand              |     4 |     7 |    32 |    36 ||    79
  Use: Scroll            |       |     7 |    17 |     6 ||    30
       Potion            |       |       |    13 |    21 ||    34
 Stab: Paralysed         |       |       |     1 |       ||     1
       Invisible         |       |       |     6 |     3 ||     9
  Eat: Chunk             |       |     8 |    12 |    13 ||    33
       Meat ration       |       |       |     1 |       ||     1
       Bread ration      |       |       |     1 |       ||     1
